 Dungeon Crawl Stone Soup version 0.19.1-1-g22dce08 (webtiles) character file.

498 esteth the Changer (level 7, 0/48 HPs)
             Began as a Merfolk Transmuter on Jan 8, 2017.
             Was an Initiate of Okawaru.
             Slain by a worker ant (5 damage)
             ... on level 5 of the Dungeon.
             The game lasted 00:17:50 (6186 turns).

esteth the Changer (Merfolk Transmuter)             Turns: 6186, Time: 00:17:51

Health: 0/48       AC:  4    Str: 10    XL:     7   Next: 16%
Magic:  7/10       EV: 24    Int: 14    God:    Okawaru [......]
Gold:   221        SH:  0    Dex: 20    Spells: 2 memorised, 6 levels left

rFire  + . .     SeeInvis .       - Unarmed
rCold  + . .     Gourm    .     (armour currently unavailable)
rNeg   . . .     Faith    .     (shield currently unavailable)
rPois  .         Spirit   .     (helmet currently unavailable)
rElec  +         Reflect  .     (cloak currently unavailable)
rCorr  +         Harm     .     (gloves currently unavailable)
MR     .....                    (boots currently unavailable)
Stlth  +++.......               (no amulet)
                                h - +2 ring of protection
                                f - ring of stealth

@: spider-form, resistant
A: (change form in water), (swift swim), (stealthy swim)
a: End Transformation, Renounce Religion


You were on level 5 of the Dungeon.
You worshipped Okawaru.
Okawaru was noncommittal.
You were not hungry.
You were a venomous arachnid creature.
You visited 2 branches of the dungeon, and saw 6 of its levels.

You collected 221 gold pieces.

Inventory:

Hand Weapons
 k - a +1 short sword of draining
 z - a +0 trident (melded)
Missiles
 a - 43 arrows
 w - 5 tomahawks (quivered)
Armour
 b - a +0 robe (melded)
 r - a +0 buckler (melded)
Jewellery
 f - a ring of stealth (left front leg)
 h - a +2 ring of protection (right front leg)
 C - an uncursed ring of wizardry {unknown}
Scrolls
 l - a scroll of enchant weapon
 p - a scroll of blinking {unknown}
 t - a scroll of enchant armour {unknown}
 u - 2 scrolls of remove curse
 x - a scroll of amnesia {unknown}
 y - 3 scrolls of identify {unknown}
 B - 2 scrolls of recharging {unknown}
Potions
 e - a potion of resistance
 i - a potion of lignification
 j - a potion of haste {unknown}
 m - 3 potions of curing {unknown}
 q - a potion of cancellation {unknown}
 A - a potion of flight {unknown}
Books
 c - a book of Changes

   Spells                             Type                      Level
   a - Beastly Appendage              Transmutation                1
   b - Sticks to Snakes               Transmutation                2
   c - Spider Form                    Transmutation/Poison         3
   d - Ice Form                       Ice/Transmutation            4
   e - Blade Hands                    Transmutation                5
Comestibles
 d - 5 bread rations {@e1}
 g - a slice of pizza
 n - 5 meat rations {@e2}
 o - a beef jerky
 s - 5 fruits


   Skills:
 - Level 1.1 Fighting
 - Level 3.9 Polearms
 - Level 5.3 Dodging
 - Level 3.2 Unarmed Combat
 - Level 2.0 Spellcasting
 + Level 6.8 Transmutations
 - Level 3.0 Poison Magic


You had 6 spell levels left.
You knew the following spells:

 Your Spells              Type           Power        Failure   Level  Hunger
a - Beastly Appendage     Tmut           ###...       6%          1    ##.....
b - Spider Form           Tmut/Pois      ###.......   28%         3    ####...


Dungeon Overview and Level Annotations

Branches:
Dungeon (5/15)             Temple (1/1) D:4

Altars:
Ashenzari
Cheibriados
Dithmenos
Elyvilon
Fedhas
Gozag
Makhleb
Nemelex Xobeh
Okawaru
Qazlal
Ru
Sif Muna
Trog
Uskayaw
Vehumet
Xom
Yredelemnul
Zin


Message History

* * * LOW HITPOINT WARNING * * *
You feel protected. The worker ant barely misses you.
The orc priest mumbles some strange prayers to Beogh against you.
Beogh smites you!
* * * LOW HITPOINT WARNING * * *
Casting: Beastly Appendage
Confirm with . or Enter, or press ? or * to list all spells.
You don't know that spell.
Casting: Beastly Appendage
Confirm with . or Enter, or press ? or * to list all spells.
You turn into a venomous arachnid creature.
Your +0 trident melds into your body.
Your +0 buckler melds into your body.
Your +0 robe melds into your body.
The worker ant bites you but does no damage.
The orc priest looks satisfied for a moment.
The worker ant misses you.
You see here a leather armour.
The worker ant bites you.
You die...

### ## # ).# ###. .# #.#
#.. . #. #.# #.# .# #. #.#
##.## #'# #. #.###...###
##..o #.####.
#<#.oo8...###.oa8.
.......##s#[#.............
..........a.###....<....#
####.####.##.####....?###
#.# .# ##.8.## ... ..
#.....# ########....<....#
.............
+.8...###...8. #..?##
##...


You could see a worker ant.

Vanquished Creatures
  An ogre (D:4)
  The ghost of daray the Poker, a weakling MiBe of Trog (D:3)
  A jelly (D:5)
  An orc priest (D:5)
  An orc wizard (D:4)
  A bullfrog skeleton (D:4)
  An iguana (D:4)
  2 gnolls
  7 adders
  A shadow imp (D:4)
  2 oozes (D:2)
  4 worms (D:2)
  2 dart slugs (D:1)
  4 leopard geckos
  7 orcs
  2 ball pythons
  11 bats
  3 giant cockroaches
  17 goblins
  12 hobgoblins
  10 jackals
  A quokka (D:3)
  2 frilled lizards
  7 kobolds
  6 rats
107 creatures vanquished.

Notes
Turn   | Place    | Note
-------+----------+-------------------------------------------
     0 | D:1      | esteth the Merfolk Transmuter began the quest for the Orb.
     0 | D:1      | Reached XP level 1. HP: 15/15 MP: 3/3
   285 | D:1      | Reached skill level 3 in Transmutations
   528 | D:1      | Reached XP level 2. HP: 21/21 MP: 5/5
   789 | D:1      | Reached skill level 4 in Transmutations
   980 | D:1      | Reached XP level 3. HP: 18/26 MP: 6/6
  1438 | D:1      | Reached skill level 5 in Transmutations
  2282 | D:2      | Reached XP level 4. HP: 13/32 MP: 5/7
  3171 | D:2      | Reached XP level 5. HP: 34/37 MP: 8/8
  3305 | D:2      | Reached skill level 5 in Dodging
  3501 | D:3      | Learned a level 3 spell: Spider Form
  3657 | D:3      | Reached skill level 1 in Poison Magic
  3709 | D:3      | Noticed daray's ghost (weakling MiBe)
  4340 | D:3      | Killed daray's ghost
  4536 | D:3      | Found a shadowy altar of Dithmenos.
  4606 | D:3      | Reached XP level 6. HP: 20/43 MP: 9/9
  5211 | D:4      | Reached skill level 6 in Transmutations
  5273 | D:4      | Reached skill level 1 in Polearms
  5590 | D:4      | Found a staircase to the Ecumenical Temple.
  5599 | Temple   | Entered the Ecumenical Temple
  5799 | Temple   | Became a worshipper of Warmaster Okawaru
  5931 | D:4      | Reached XP level 7. HP: 48/48 MP: 8/10
  5937 | D:5      | Entered Level 5 of the Dungeon
  6186 | D:5      | Slain by a worker ant

Skill      XL: |  1  2  3  4  5  6 |
---------------+-------------------+-----
Transmutations | 3 4 5 6 |  6.8
Dodging        | 3 4 5 |  5.3
Poison Magic   | 3 |  3.0
Polearms       | 3 |  3.9
Fighting       | |  1.1
Unarmed Combat | |  3.2
Spellcasting   | |  2.0

Action                   |  1- 3 |  4- 6 |  7- 9 || total
-------------------------+-------+-------+-------++-------
Melee: Unarmed           |    36 |    30 |     5 ||    71
       Short sword       |   144 |   221 |       ||   365
       Headbutt          |     2 |    17 |     2 ||    21
       Punch             |       |     1 |       ||     1
       Trident           |       |    27 |    23 ||    50
 Cast: Beastly Appendage |     4 |    13 |     1 ||    18
       Spider Form       |       |     3 |     2 ||     5
  Use: Scroll            |     2 |     2 |       ||     4
       Potion            |       |     2 |     1 ||     3
 Stab: Sleeping          |     1 |    13 |     1 ||    15
  Eat: Chunk             |     5 |     8 |     1 ||    14
       Bread ration      |       |     1 |       ||     1
Armor: Robe              |    50 |    54 |     3 ||   107
       Skin              |       |     6 |     1 ||     7
Dodge: Dodged            |   130 |   167 |    18 ||   315
Block: Buckler           |       |    28 |     1 ||    29
